 Dungeon Crawl Stone Soup version 0.17.2-1-ge4368a0 (webtiles) character file.

25 magog001 the Stinger (level 2, -3/20 HPs)
             Began as a Draconian Venom Mage on Nov 10, 2016.
             Slain by an adder (4 damage)
             ... on level 2 of the Dungeon.
             The game lasted 00:11:55 (1138 turns).

magog001 the Stinger (Draconian Venom Mage)         Turns: 1138, Time: 00:11:56

Health: -3/20      AC:  5    Str: 10    XL:     2   Next: 82%
Magic:  2/5        EV: 11    Int: 15    God:
Gold:   50         SH:  3    Dex: 11    Spells: 2 memorised, 2 levels left

rFire  + . .     SeeInvis .     h - +0 spear
rCold  x . .     Clarity  .     (armour unavailable)
rNeg   . . .     SustAt   .     m - +0 buckler
rPois  .         Gourm    .     (helmet restricted)
rElec  .         Spirit   .     (no cloak)
rCorr  .         Warding  .     (no gloves)
rMut   .         Stasis   .     d - +0 pair of boots
MR     .....                    (no amulet)
Stlth  ++........               (no ring)
                                i - ring of fire

@: lethally poisoned (-3 -> -9), very slightly contaminated, not resistant to
hostile enchantments, unstealthy
A: unfitting armour, cold-blooded, AC +4
a: no special abilities


You were on level 2 of the Dungeon.
You were hungry.

You visited 1 branch of the dungeon, and saw 2 of its levels.

You collected 50 gold pieces.

Inventory:

Hand Weapons
 h - a +0 spear (weapon)
Missiles
 f - 20 arrows
Armour
 d - a +0 pair of boots (worn)
 m - a +0 buckler (worn)
Jewellery
 i - a ring of fire (left hand)
Scrolls
 j - 2 scrolls of identify {unknown}
Potions
 e - a potion of curing {unknown}
 k - 2 potions of cancellation {unknown}
Books
 a - a Young Poisoner's Handbook

   Spells                             Type                      Level
   a - Sting                          Conjuration/Poison           1
   b - Cure Poison                    Poison                       2
   c - Mephitic Cloud                 Conjuration/Poison/Air       3
   d - Olgreb's Toxic Radiance        Poison                       4
   e - Venom Bolt                     Conjuration/Poison           5
Comestibles
 b - 2 bread rations
 c - 3 chunks of flesh


   Skills:
 * Level 1.8 Dodging
 + Level 1.7 Stealth
 * Level 2.2 Spellcasting
 + Level 0.2 Conjurations
 * Level 4.6 Poison Magic


You had 2 spell levels left.
You knew the following spells:

 Your Spells              Type           Power        Failure   Level  Hunger
a - Sting                 Conj/Pois      #...         17%         1    #......
b - Cure Poison           Pois           ###.......   10%         2    ###....


Dungeon Overview and Level Annotations

Branches:
Dungeon (2/15)

Altars:
Trog
The Shining One


Innate Abilities, Weirdness & Mutations

Your plain brown scales are hard (AC +4).
Your body does not fit into most forms of armour.
You are cold-blooded and may be slowed by cold attacks.


Message History

You feel sick. The adder bites you.
You are lethally poisoned!
The adder poisons you! The adder bites you.
* * * LOW HITPOINT WARNING * * *
You hit the adder.
Your tail-slap misses the adder.
The adder is moderately wounded.
The adder barely misses you.
You barely miss the adder.
The adder is moderately wounded.
* * * LOW HITPOINT WARNING * * *
You feel sick. The adder misses you. The adder closely misses you.
You hit the adder. You tail-slap the adder.
The adder is severely wounded.
* * * LOW HITPOINT WARNING * * *
You feel sick. The adder misses you.
You closely miss the adder.
Your tail-slap misses the adder.
The adder is severely wounded.
* * * LOW HITPOINT WARNING * * *
You feel sick. The adder bites you.
You die...

...##..#..## .. #.
#......## ?# #.
#...##.## ..
#.##..##...# .##
#..#.##..... . ..#
##...#...... ...####.#
###........_[. .......S#
#......#...... #.@#
#.#.##.##.....
######..###...######...#
............### ##.##.##
...########.# ##.......
. #####.####........
#.......##........
#.........#........
#.........##.......
##.......####.....#


You could see an adder.

Vanquished Creatures
  6 goblins (D:1)
  2 hobgoblins (D:1)
  3 kobolds (D:1)
  6 bats (D:1)
  2 giant cockroaches
  A giant newt (D:1)
  3 rats (D:1)
23 creatures vanquished.

Notes
Turn   | Place    | Note
--------------------------------------------------------------
     0 | D:1      | magog001 the Draconian Venom Mage began the quest for the Orb.
     0 | D:1      | Reached XP level 1. HP: 14/14 MP: 3/3
     0 | D:1      | Noticed an ice dragon
     1 | D:1      | Noticed a large abomination
     1 | D:1      | Noticed an ice dragon
     3 | D:1      | Noticed a mottled draconian
     5 | D:1      | Noticed a large abomination
     7 | D:1      | Noticed a black draconian
     8 | D:1      | Noticed an ice dragon
    10 | D:1      | Noticed an ice dragon
    10 | D:1      | Noticed an ice dragon
    12 | D:1      | Noticed an ice dragon
    14 | D:1      | Noticed a golden dragon
    16 | D:1      | Noticed an ice dragon
    16 | D:1      | Noticed a large abomination
    16 | D:1      | Noticed a shadow dragon
    18 | D:1      | Noticed an orb of fire
    20 | D:1      | Noticed a large abomination
   205 | D:1      | Reached XP level 2. HP: 17/20 MP: 0/5
  1037 | D:1      | Learned a level 2 spell: Cure Poison
  1049 | D:2      | Found a bloodstained altar of Trog.
  1049 | D:2      | Found a glowing golden altar of the Shining One.
  1138 | D:2      | HP: 1/20 [poisoned by an adder]
  1138 | D:2      | Slain by an adder

Action                   || total
-------------------------++-------
Melee: Spear             ||    30
 Cast: Sting             ||    46
 Stab: Sleeping          ||     2
  Eat: Chunk             ||     1
